 Dungeon Crawl Stone Soup version 0.28-a0-862-g58c29a6370 (webtiles) character file.

Game seed: 15870740029699677254

3522 AvatarAndi78 the Cleaver (level 9, -4/83 HPs)
             Began as a Minotaur Berserker on Nov 16, 2021.
             Was a Priest of Trog.
             Slain by a two-headed ogre (19 damage)
             ... on level 9 of the Dungeon.
             The game lasted 00:17:41 (7854 turns).

AvatarAndi78 the Cleaver (Minotaur Berserker)       Turns: 7854, Time: 00:17:42

Health: -4/83      AC:  8    Str: 22    XL:     9   Next: 81%
Magic:  8/8        EV: 13    Int:  4    God:    Trog [***...]
Gold:   552        SH:  0    Dex: 13    Spells: 8/8 levels left

rFire   + . .      SeeInvis .   h - +0 battleaxe
rCold   x . .      Faith    .   (shield currently unavailable)
rNeg    + . .      Spirit   .   t - +2 leather armour {rPois}
rPois   +          Reflect  .   (helmet restricted)
rElec   .          Harm     .   (no cloak)
rCorr   .          Rampage  .   m - +0 pair of gloves
Will    ++...      Rnd*Tele +   o - +1 pair of boots
Stlth   ++........              e - amulet of the acrobat
HPRegen 1.23/turn               i - ring of positive energy
MPRegen 0.11/turn               n - ring of fire

@: strong-willed, on berserk cooldown, regenerating, slowed, very slow
A: horns 2, retaliatory headbutt, talons 1, deformed body, mutation resistance
1, teleportitis 1
a: Renounce Religion, Berserk, Trog's Hand


You were on level 9 of the Dungeon.
You worshipped Trog.
Trog was most pleased with you.
You visited 1 branch of the dungeon, and saw 10 of its levels.

You collected 552 gold pieces.

Inventory:

Hand Weapons
 b - a +1 short sword of venom
 h - a +0 battleaxe (weapon)
Missiles
 s - 2 throwing nets (quivered)
Armour
 a - a +0 buckler
 m - a +0 pair of gloves (worn)
 o - a +1 pair of boots (worn)
 t - a +2 leather armour of poison resistance (worn)
Jewellery
 d - a +6 ring of strength
 e - an amulet of the acrobat (around neck)
 i - a ring of positive energy (left hand)
 n - a ring of fire (right hand)
 u - a ring of resist corrosion
Wands
 f - a wand of flame (22)
Scrolls
 c - 4 scrolls of enchant armour
 g - 2 scrolls of holy word
 l - 2 scrolls of teleportation
 r - 2 scrolls of blinking


   Skills:
 + Level 9.0 Fighting
 + Level 1.1 Short Blades
 + Level 11.8 Axes
 + Level 7.5 Armour
 + Level 5.0 Dodging
 + Level 2.2 Stealth
 + Level 0.2 Evocations


You had 8 spell levels left.
You didn't know any spells.
Your spell library was empty.

Dungeon Overview and Level Annotations

Branches:
Dungeon (10/15)            Temple (0/1) D:6
   Lair: D:8-11         Orc: D:9-12

Altars:
Ashenzari
Cheibriados
Kikubaaqudgha
Makhleb
Nemelex Xobeh
Okawaru
Ru
Vehumet
Zin
The Shining One

Annotations:
D:6 1 transporter, tensugalgo's ghost, novice OgCK


Innate Abilities, Weirdness & Mutations

You have a pair of horns on your head.
You reflexively headbutt those who attack you in melee.
You have sharp toenails.
Armour fits poorly on your strangely shaped body.
You are somewhat resistant to further mutation.
You are occasionally teleported next to monsters.


Message History

The orc priest shouts!
The orc warrior shouts!
An orc comes into view. It is wielding a +0 morningstar.
The two-headed ogre completely misses you.
The two-headed ogre misses you.
The two-headed ogre hits you with a +0 giant club!
The two-headed ogre completely misses you.
There is a stone staircase leading up here.
The two-headed ogre barely misses you.
The two-headed ogre hits you with a +0 giant club!!
You climb upwards.
There is a stone staircase leading down here.
Your skin crawls.
You feel strong-willed. The two-headed ogre misses you.
You furiously retaliate!
You headbutt the two-headed ogre. The two-headed ogre misses you.
You hit the two-headed ogre.
The two-headed ogre is lightly wounded.
The two-headed ogre barely misses you.
The two-headed ogre hits you with a +0 giant club!
The two-headed ogre barely misses you. You furiously retaliate!
You headbutt the two-headed ogre.
The two-headed ogre completely misses you.
You barely miss the two-headed ogre.
The two-headed ogre is moderately wounded.
The two-headed ogre hits you with a +0 giant club!!
* * * LOW HITPOINT WARNING * * *
The two-headed ogre completely misses you.
You hit the two-headed ogre but do no damage.
The two-headed ogre is moderately wounded.
The two-headed ogre closely misses you. The two-headed ogre misses you.
Okay, then.
Okay, then.
You feel much better.
The two-headed ogre hits you with a +0 giant club!!
* * * LOW HITPOINT WARNING * * *
The two-headed ogre hits you but does no damage.
You barely miss the two-headed ogre.
The two-headed ogre is moderately wounded.
The two-headed ogre hits you with a +0 giant club!!
You die...

###########
#..## ###.##
#...#
##.######
#.......#
#......[#
#.......#
#.......#
#@O.....#
####....>..#
...........#
###.......#
#..<....#
#########


You could see a two-headed ogre.

Vanquished Creatures
  A queen bee (D:6)
  A troll (D:10)
  A hornet (D:6)
  A wraith (D:7)
  A steam dragon (D:8)
  A water moccasin (D:5)
  An acid dragon (D:8)
  2 sky beasts
  An ogre (D:5)
  3 ice beasts
  3 centaurs
  A phantom (D:5)
  A scorpion (D:7)
  5 bullfrogs
  A wyvern skeleton (D:7)
  A water moccasin skeleton (D:4)
  6 killer bees
  A centaur zombie (D:8)
  A bullfrog zombie (D:7)
  A gnoll shaman (D:6)
  A jelly (D:5)
  2 orc priests
  4 hounds
  3 iguanas
  2 orc wizards (D:6)
  2 howler monkey zombies
  2 adders (D:3)
  8 gnolls
  A howler monkey skeleton (D:5)
  2 shadow imps
  2 white imps
  An adder skeleton (D:4)
  3 worms
  5 dart slugs
  19 orcs
  3 endoplasms
  2 giant cockroaches (D:1)
  6 goblins
  6 hobgoblins
  4 jackals (D:1)
  8 kobolds
  4 quokkas
  11 ball pythons
  4 frilled lizards
  7 rats
146 creatures vanquished.

Vanquished Creatures (collateral kills)
  2 killer bees (D:9)
2 creatures vanquished.

Vanquished Creatures (others)
  A fungus (D:1)
1 creature vanquished.

Grand Total: 149 creatures vanquished

Notes
Turn   | Place    | Note
-------+----------+-------------------------------------------
     0 | D:1      | AvatarAndi78 the Minotaur Berserker began the quest for the
                  | Orb.
     0 | D:1      | Reached XP level 1. HP: 19/19 MP: 0/0
   158 | D:1      | Reached skill level 4 in Axes
   158 | D:1      | Reached XP level 2. HP: 21/27 MP: 1/1
   224 | D:1      | Found a faded altar of an unknown god.
   814 | D:2      | Found an ancient bone altar of Kikubaaqudgha.
   966 | D:2      | Reached XP level 3. HP: 31/33 MP: 2/2
  1186 | D:2      | Reached ** piety under Trog
  2006 | D:3      | Reached XP level 4. HP: 41/41 MP: 3/3
  2352 | D:3      | Found a radiant altar of Vehumet.
  2392 | D:3      | Reached skill level 5 in Axes
  2806 | D:4      | Reached XP level 5. HP: 40/47 MP: 4/4
  3250 | D:4      | Reached skill level 5 in Fighting
  3250 | D:4      | Reached skill level 6 in Axes
  3481 | D:4      | Reached *** piety under Trog
  3482 | D:4      | Reached XP level 6. HP: 56/56 MP: 5/5
  3807 | D:4      | Gained mutation: You are occasionally teleported next to
                  | monsters. [potion of mutation]
  3807 | D:4      | Gained mutation: Armour fits poorly on your strangely
                  | shaped body. [potion of mutation]
  3807 | D:4      | Gained mutation: You are sometimes teleported next to
                  | monsters. [potion of mutation]
  3878 | D:4      | Lost mutation: Armour fits poorly on your strangely shaped
                  | body. [potion of mutation]
  3878 | D:4      | Lost mutation: You are sometimes teleported next to
                  | monsters. [potion of mutation]
  3878 | D:4      | Gained mutation: You have sharp toenails. [potion of
                  | mutation]
  3878 | D:4      | Gained mutation: You are somewhat resistant to further
                  | mutation. [potion of mutation]
  3878 | D:4      | Gained mutation: Armour fits poorly on your strangely
                  | shaped body. [potion of mutation]
  3891 | D:5      | Entered Level 5 of the Dungeon
  4409 | D:5      | Found a burning altar of Makhleb.
  4472 | D:5      | Noticed a water moccasin
  4477 | D:5      | Killed a water moccasin
  4478 | D:5      | Reached XP level 7. HP: 58/62 MP: 6/6
  4483 | D:5      | Reached skill level 7 in Axes
  4483 | D:5      | Reached skill level 5 in Armour
  5079 | D:6      | Reached skill level 1 in Stealth
  5081 | D:6      | Found a snail-covered altar of Cheibriados.
  5125 | D:6      | Found a transporter.
  5129 | D:6      | Found a transporter.
  5129 | D:6      | Noticed tensugalgo's ghost (novice OgCK)
  5133 | D:6      | Noticed a hornet
  5172 | D:6      | Noticed a queen bee
  5186 | D:6      | Reached skill level 1 in Short Blades
  5223 | D:6      | Found a glowing silver altar of Zin.
  5261 | D:6      | Reached XP level 8. HP: 43/71 MP: 7/7
  5484 | D:6      | Found a staircase to the Ecumenical Temple.
  5539 | D:6      | Found a glowing golden altar of the Shining One.
  5542 | D:6      | Found a broken altar of Ashenzari.
  5543 | D:6      | Found a sacrificial altar of Ru.
  5550 | D:6      | Reached skill level 8 in Axes
  5811 | D:6      | Killed a queen bee
  5812 | D:6      | Reached skill level 9 in Axes
  5819 | D:6      | HP: 2/73 [hornet (4)]
  5821 | D:6      | Killed a hornet
  6152 | D:7      | Reached skill level 10 in Axes
  6198 | D:7      | Reached XP level 9. HP: 79/79 MP: 8/8
  6375 | D:7      | Found an iron altar of Okawaru.
  6978 | D:8      | Reached skill level 11 in Axes
  7349 | D:8      | Found a sparkling altar of Nemelex Xobeh.
  7826 | D:9      | You fall into a shaft and drop 1 floor!
  7826 | D:10     | Entered Level 10 of the Dungeon
  7826 | D:10     | Noticed a troll
  7831 | D:10     | Killed a troll
  7832 | D:10     | Reached skill level 5 in Dodging
  7834 | D:10     | Noticed a two-headed ogre
  7854 | D:9      | Slain by a two-headed ogre

Illustrated notes

Levels and vault maps discovered:
D:1:      dpeg_arrival_tiny_f, layout_basic,
          dreamdust_ecumenical_altar_hidden_monk_grotto
D:2:      layout_basic, basic_altar, chequers_serial_rivers_small_3,
          grunt_ministairs_10
D:3:      minmay_evil_eye, layout_basic, lemuel_doored_altar
D:4:      layout_loops_ring, kennysheep_generic_room_4
D:5:      layout_basic, amcnicky_altar_gilded
D:6:      layout_basic, zin_statuary, grunt_temple_overflow_open,
          mainiacjoe_overflow_brackets, minmay_temple_entry_slanted,
          gammafunk_ghost_hive
D:7:      layout_rooms, kennysheep_okawaru_gauntlet, hangedman_decor_lopped
D:8:      layout_loops_cross, nemelex_diamond_rough_becter
D:9:      layout_roguey, gammafunk_temple_overflow_statue,
          hangedman_decor_points, uniq_maggie
D:10:     layout_basic, minmay_orc_entry_guard_dogs, minmay_ruffians

Skill      XL: |  1  2  3  4  5  6  7  8  9 |
---------------+----------------------------+-----
Axes           | 4 5 6 7 10 11 | 11.8
Fighting       | 4 5 6 7 9 |  9.0
Armour         | 3 4 6 7 |  7.5
Dodging        | 3 5 |  5.0
Stealth        | 1 2 |  2.2
Short Blades   | 1 |  1.1
Evocations     | |  0.2

Action                   |  1- 3 |  4- 6 |  7- 9 || total
-------------------------+-------+-------+-------++-------
Melee: Hand axe          |    86 |    99 |       ||   185
       Headbutt          |    11 |    31 |    34 ||    76
       Short sword       |       |    15 |       ||    15
       Battleaxe         |       |     3 |   195 ||   198
Invok: Trog's Hand       |       |     3 |     7 ||    10
       Berserk           |       |     1 |     2 ||     3
Evoke: Wand              |       |       |     2 ||     2
  Use: Scroll            |       |     8 |     4 ||    12
       Potion            |       |     7 |     5 ||    12
 Stab: Sleeping          |       |       |     2 ||     2
Armor: Animal skin       |     4 |       |       ||     4
       Chain mail        |    17 |    56 |    42 ||   115
       Leather armour    |       |       |    42 ||    42
Dodge: Dodged            |    47 |    45 |   156 ||   248

Table legend: (Time is in decaauts)
 A = Elapsed time spent in this place.
 B = Non-inter-level travel time spent in this place.
 C = Inter-level travel time spent in this place.
 D = Time resting spent in this place.
 E = Time spent auto-exploring this place.
 F = Levels seen in this place.
 G = Mean time per level.
                   A        B        C        D        E       F      G
               +--------+--------+--------+--------+--------+-----+--------+
         Total |   7933 |   7677 |    256 |      0 |   6435 |  10 |  793.3 |
       Dungeon |   7933 |   7677 |    256 |      0 |   6435 |  10 |  793.3 |
               +--------+--------+--------+--------+--------+-----+--------+

Top non-repeatable levels by time:
     D:6: 1402 daAuts
     D:4: 1142 daAuts
     D:2: 1049 daAuts
     D:3: 1045 daAuts
     D:5: 857 daAuts
     D:7: 711 daAuts
     D:8: 655 daAuts
     D:1: 646 daAuts
     D:9: 396 daAuts
    D:10: 26 daAuts
